 Dungeon Crawl Stone Soup version 0.21.1-1-g345015f (webtiles) character file.

39 aspa the Magician (level 3, -5/21 HPs)
             Began as an Octopode Wizard on Mar 2, 2018.
             Killed from afar by Ijyb (21 damage)
             ... with a wand of acid (9)
             ... on level 3 of the Dungeon.
             The game lasted 00:04:46 (1887 turns).

aspa the Magician (Octopode Wizard)                 Turns: 1887, Time: 00:04:47

Health: -5/21      AC:  1    Str:  6    XL:     3   Next: 47%
Magic:  8/8        EV: 13    Int: 21    God:
Gold:   94         SH:  0    Dex: 10    Spells: 1/9 levels left

rFire    . . .     SeeInvis .   j - +1 mace (crush)
rCold    . . .     Gourm    .   (no shield)
rNeg     . . .     Faith    .   a - +0 hat
rPois    .         Spirit   .   (no amulet)
rElec    .         Reflect  .   (no ring)
rCorr    .         Harm     .   (no ring)
MR       .....                  (no ring)
Stlth    +++.......             (no ring)
HPRegen  0.07/turn              (no ring)
MPRegen  0.11/turn              (no ring)
                                (no ring)
                                (no ring)

@: no status effects
A: almost no armour, stealthy swim, amphibious, 8 rings, constrict 8, camouflage
1, gelatinous body 1
a: no special abilities


You were on level 3 of the Dungeon.
You were not hungry.

You visited 1 branch of the dungeon, and saw 3 of its levels.

You collected 94 gold pieces.

Inventory:

Hand Weapons
 j - a +1 mace of crushing (weapon)
Armour
 a - a +0 hat (worn)
Scrolls
 d - a scroll of blinking {unknown}
 e - a scroll of identify {unknown}
 i - a scroll of enchant armour {unknown}
 k - a scroll of teleportation {unknown}
Potions
 f - a potion of heal wounds {unknown}
 g - a potion of flight {unknown}
 h - a potion of resistance {unknown}
Books
 b - a book of Minor Magic

   Spells                             Type                      Level
   a - Magic Dart                     Conjuration                  1
   b - Blink                          Translocation                2
   c - Call Imp                       Summoning                    2
   d - Slow                           Hexes                        2
   e - Conjure Flame                  Conjuration/Fire             3
   f - Mephitic Cloud                 Conjuration/Poison/Air       3
Comestibles
 c - 5 rations


   Skills:
 - Level 2.0 Dodging
 - Level 2.6 Stealth
 + Level 3.8 Spellcasting
 * Level 1.9 Conjurations
 - Level 1.0 Summonings
 - Level 1.0 Translocations


You had one spell level left.
You knew the following spells:

 Your Spells              Type           Power        Failure   Level  Hunger
a - Magic Dart            Conj           ##..         5%          1    None
b - Call Imp              Summ           #.......     12%         2    #......
c - Mephitic Cloud        Conj/Pois/Air  #.......     28%         3    ###....
d - Blink                 Tloc           N/A          12%         2    #......


Dungeon Overview and Level Annotations

Branches:
Dungeon (3/15)

Altars:

Annotations:
D:3 Ijyb


Innate Abilities, Weirdness & Mutations

You cannot wear most types of armour.
You are very stealthy in the water. (Stealth+)
You are amphibious.
You can wear up to eight rings at the same time.
You can use your tentacles to constrict eight enemies at once.
Your skin changes colour to match your surroundings (Stealth+).
Your rubbery body absorbs attacks. (AC +1, EV +1)


Message History

The quokka bites you.
Casting: Magic Dart
Confirm with . or Enter, or press ? or * to list all spells.
Aiming: Magic Dart
Press: ? - help, Shift-Dir - straight line, f/p - quokka
Aim: a quokka (almost dead, constricted by you)
The magic dart hits the quokka.
You kill the quokka!
d - a scroll labeled CIRENU MAWIYR
k - a scroll labeled OXAEMA CIOST
There is a stone staircase leading down here.
You climb downwards.
A rat, an orc, an orc wizard and Ijyb come into view.
Ijyb shouts!
The orc wizard shouts!
The orc shouts!
You hear a shout!
Found a chain mail, a ration and 23 arrows.
There is a stone staircase leading up here.
The orc wizard gestures at you while chanting.
The magic dart hits you!
Ijyb zaps a wand.
The bolt of acid hits you!
Ouch! That really hurt!
You die...

####. r....
......
#######......
#.[..........
#....@.......
#....g..#####
#.....%o#
#..(....#
#.......#
#......o#
##.###..# #.
...


You could see Ijyb, an orc wizard, an orc and a rat.

Vanquished Creatures
  A leopard gecko (D:1)
  3 goblins (D:1)
  7 hobgoblins (D:1)
  6 jackals (D:1)
  A quokka (D:2)
  2 bats (D:1)
  4 frilled lizards (D:1)
  6 kobolds (D:1)
30 creatures vanquished.

Vanquished Creatures (collateral kills)
  4 jackals (D:1)
  A bat (D:1)
5 creatures vanquished.

Grand Total: 35 creatures vanquished

Notes
Turn   | Place    | Note
-------+----------+-------------------------------------------
     0 | D:1      | aspa the Octopode Wizard began the quest for the Orb.
     0 | D:1      | Reached XP level 1. HP: 11/11 MP: 4/4
   274 | D:1      | Reached XP level 2. HP: 17/17 MP: 0/6
   725 | D:1      | Learned a level 2 spell: Call Imp
  1090 | D:1      | Reached XP level 3. HP: 21/21 MP: 2/8
  1095 | D:1      | Learned a level 3 spell: Mephitic Cloud
  1098 | D:1      | Learned a level 2 spell: Blink
  1778 | D:2      | Noticed a phantom
  1886 | D:3      | Noticed Ijyb
  1887 | D:3      | Killed from afar by Ijyb

Action                   || total
-------------------------++-------
Melee: Unarmed           ||    23
       Tentacles         ||     5
       Constrict         ||     8
       Mace              ||     2
 Cast: Magic Dart        ||    74
       Call Imp          ||     2
 Stab: Sleeping          ||     1
  Eat: Chunk             ||     3
Armor: Skin              ||     1
Dodge: Dodged            ||    32
